 Dungeon Crawl Stone Soup version 0.25-a0-1132-g9d38388ac0 (webtiles) character file.

Game seed: 7383358285496905279, levelgen mode: classic

1183 EnegeticOcto the Skirmisher (level 8, -7/67 HPs)
             Began as a Merfolk Hunter on May 20, 2020.
             Killed by divine providence
             ... invoked by an orc priest
              (9 damage)
             ... on level 6 of the Dungeon.
             The game lasted 00:10:04 (6425 turns).

EnegeticOcto the Skirmisher (Merfolk Hunter)        Turns: 6425, Time: 00:10:04

Health: -7/67      AC:  9    Str: 14    XL:     8   Next: 42%
Magic:  8/8        EV: 11    Int: 12    God:
Gold:   233        SH:  0    Dex: 11    Spells: 7/7 levels left

rFire    . . .     SeeInvis .   a - +1 shortbow
rCold    . . .     Gourm    .   (shield currently unavailable)
rNeg     . . .     Faith    .   k - +0 ring mail
rPois    .         Spirit   .   (no helmet)
rElec    .         Reflect  .   n - +0 cloak
rCorr    .         Harm     .   (no gloves)
MR       .....                  j - +0 pair of boots
Stlth    +.........             i - amulet of inaccuracy (curse)
HPRegen  0.21/turn              (no ring)
MPRegen  0.11/turn              q - -4 ring of dexterity (curse)

@: no status effects
A: change form in water, swift swim, stealthy swim, iridescent scales 1, blink,
clever 1, subdued magic 1
a: Blink


You were on level 6 of the Dungeon.
You were not hungry.

You visited 1 branch of the dungeon, and saw 7 of its levels.

You collected 233 gold pieces.

Inventory:

Hand Weapons
 a - a +1 shortbow (weapon)
 b - a +0 short sword
Missiles
 d - 65 arrows (quivered)
 f - 22 poisoned darts
Armour
 c - a +0 chain mail
 j - a +0 pair of boots (worn)
 k - a +0 ring mail (worn)
 n - a +0 cloak (worn)
Jewellery
 g - an uncursed ring of magical power
 i - a cursed amulet of inaccuracy (around neck)
 m - an uncursed amulet of the acrobat
 p - an uncursed ring of fire
 q - a cursed -4 ring of dexterity (right hand)
 r - an uncursed ring of protection from magic {unknown}
Wands
 s - a wand of disintegration (4)
Scrolls
 l - 2 scrolls of blinking {@r4}
 o - a scroll of fog {!r}
 t - a scroll of fear {!r}
 u - 3 scrolls of identify {@r1}
Potions
 h - a potion of mutation
Comestibles
 e - 12 rations


   Skills:
 + Level 7.4 Fighting
 + Level 6.6 Bows
 - Level 2.6 Dodging
 - Level 3.0 Stealth


You had 7 spell levels left.
You didn't know any spells.
Your spell library contained the following spells:

 Spells                   Type           Power        Failure   Level  Hunger
 Foxfire                  Conj/Fire      #...         52%         1    ##.....
 Conjure Flame            Conj/Fire      #.......     88%         3    ####...
 Inner Flame              Hex/Fire       #.......     88%         3    ####...
 Sticky Flame             Conj/Fire      #.......     99%         4    #####..
 Fireball                 Conj/Fire      #.........   100%        5    ######.


Dungeon Overview and Level Annotations

Branches:
Dungeon (7/15)
 Temple: D:4-7

Altars:
Nemelex Xobeh
Okawaru

Shops:
D:4 :


Innate Abilities, Weirdness & Mutations

You revert to your normal form in water.
You are very nimble and swift while swimming.
You are very stealthy in the water. (Stealth+)
You are partially covered in iridescent scales. (AC +2)
You can translocate small distances at will.
Your mind is acute. (Int +2)
Your spells are a little easier to cast, but a little less powerful.


Message History

Press: ? - help, Shift-Dir - straight line, f/p - orc warrior
Aim: an orc warrior, wielding a +0 short sword, wearing a +0 chain mail and wearing an uncursed amulet of faith (almost dead)
You shoot an arrow.
The arrow hits the orc warrior but does no damage.
The orc warrior is almost dead.
The orc warrior hits you with a +0 short sword.
Firing (i - inventory. (/) - cycle)
d - 74 arrows (quivered)
Press: ? - help, Shift-Dir - straight line, f/p - orc warrior
Aim: an orc warrior, wielding a +0 short sword, wearing a +0 chain mail and wearing an uncursed amulet of faith (almost dead)
You shoot an arrow.
The arrow hits the orc warrior but does no damage.
The orc warrior is almost dead.
Firing (i - inventory. (/) - cycle)
d - 73 arrows (quivered)
Press: ? - help, Shift-Dir - straight line, f/p - orc warrior
Aim: an orc warrior, wielding a +0 short sword, wearing a +0 chain mail and wearing an uncursed amulet of faith (almost dead)
You shoot an arrow.
The arrow hits the orc warrior but does no damage.
The orc warrior is almost dead.
The orc warrior closely misses you.
Firing (i - inventory. (/) - cycle)
d - 72 arrows (quivered)
Press: ? - help, Shift-Dir - straight line, f/p - orc warrior
Aim: an orc warrior, wielding a +0 short sword, wearing a +0 chain mail and wearing an uncursed amulet of faith (almost dead)
You shoot an arrow. The arrow misses the orc warrior.
The arrow hits the orc.
The orc is almost dead.
You hear a shout!
The orc warrior misses you.
Firing (i - inventory. (/) - cycle)
d - 71 arrows (quivered)
Press: ? - help, Shift-Dir - straight line, f/p - orc warrior
Aim: an orc warrior, wielding a +0 short sword, wearing a +0 chain mail and wearing an uncursed amulet of faith (almost dead)
You shoot an arrow.
The arrow barely misses the orc warrior.
The arrow hits the orc.
You kill the orc!
The orc warrior hits you with a +0 short sword.
Firing (i - inventory. (/) - cycle)
d - 70 arrows (quivered)
Press: ? - help, Shift-Dir - straight line, f/p - orc warrior
Aim: an orc warrior, wielding a +0 short sword, wearing a +0 chain mail and wearing an uncursed amulet of faith (almost dead)
You shoot an arrow.
The arrow closely misses the orc warrior.
The arrow hits the orc!
You kill the orc!
An orc priest comes into view. It is wielding a +0 mace.
The orc warrior hits you with a +0 short sword.
The orc priest calls down the wrath of Beogh upon you.
Beogh smites you!
You are too injured to fight recklessly!
You are too injured to fight recklessly!
That item cannot be evoked!
Unknown command.
Firing (i - inventory. (/) - cycle)
d - 69 arrows (quivered)
Press: ? - help, Shift-Dir - straight line, f/p - orc warrior
Aim: an orc warrior, wielding a +0 short sword, wearing a +0 chain mail and wearing an uncursed amulet of faith (almost dead)
You shoot an arrow. The arrow misses the orc warrior.
The orc warrior hits you with a +0 short sword.
Firing (i - inventory. (/) - cycle)
d - 68 arrows (quivered)
Press: ? - help, Shift-Dir - straight line, f/p - orc warrior
Aim: an orc warrior, wielding a +0 short sword, wearing a +0 chain mail and wearing an uncursed amulet of faith (almost dead)
You shoot an arrow. The arrow misses the orc warrior.
The orc priest looks satisfied for a moment.
The orc warrior hits you with a +0 short sword.
Firing (i - inventory. (/) - cycle)
d - 67 arrows (quivered)
Press: ? - help, Shift-Dir - straight line, f/p - orc warrior
Aim: an orc warrior, wielding a +0 short sword, wearing a +0 chain mail and wearing an uncursed amulet of faith (almost dead)
You shoot an arrow. The arrow misses the orc warrior.
The orc warrior hits you with a +0 short sword.
* * * LOW HITPOINT WARNING * * *
Firing (i - inventory. (/) - cycle)
d - 66 arrows (quivered)
Press: ? - help, Shift-Dir - straight line, f/p - orc warrior
Aim: an orc warrior, wielding a +0 short sword, wearing a +0 chain mail and wearing an uncursed amulet of faith (almost dead)
You shoot an arrow. The arrow misses the orc warrior.
The arrow hits the orc priest!
The orc priest is heavily wounded.
The orc warrior hits you with a +0 short sword!
* * * LOW HITPOINT WARNING * * *
Evoke which item? (* to show all) (? for menu, Esc to quit)
Aiming: Disintegrate
Press: ? - help, Shift-Dir - straight line, f/p - orc warrior
Aim: an orc warrior, wielding a +0 short sword, wearing a +0 chain mail and wearing an uncursed amulet of faith (almost dead, chance to defeat MR: 65%)
The orc warrior is blasted!
You blow up the orc warrior!
Evoke which item? (* to show all) (? for menu, Esc to quit)
Aiming: Disintegrate
Press: ? - help, Shift-Dir - straight line, f - orc priest
Aim: an orc priest, wielding a +0 mace (heavily wounded, chance to defeat MR: 65%)
The orc priest struggles to resist.
The orc priest hits you with a +0 mace!
* * * LOW HITPOINT WARNING * * *
Evoke which item? (* to show all) (? for menu, Esc to quit)
Aiming: Disintegrate
Press: ? - help, Shift-Dir - straight line, f/p - orc priest
Aim: an orc priest, wielding a +0 mace (heavily wounded, chance to defeat MR: 65%)
The orc priest struggles to resist.
The orc priest misses you.
Okay, then.
Evoke which item? (* to show all) (? for menu, Esc to quit)
Aiming: Disintegrate
Press: ? - help, Shift-Dir - straight line, f/p - orc priest
Aim: an orc priest, wielding a +0 mace (heavily wounded, chance to defeat MR: 65%)
The orc priest struggles to resist.
The orc priest invokes the aid of Beogh against you.
Beogh smites you!
You die...

....(...... ....... #...#
#...# ###...### #.....((#
#.##.##)# #####.##.##o#
#......#.##@#
####..@...#.##.#
#.........#.##.#
#.##...........#
#.##.#......##########
###.##.....)...........###
#..>..#######.######.....#
......# #.# #.#.#.#
#.....# #.# #...#.#


You could see an orc priest.

Vanquished Creatures
  Sigmund (D:6)
  Menkaure (D:5)
  A water moccasin (D:5)
  An orc warrior (D:6)
  A scorpion (D:5)
  2 howler monkeys (D:4)
  2 crimson imps
  A bullfrog zombie (D:5)
  An orc priest (D:4)
  A jelly (D:5)
  4 hounds
  An iguana (D:5)
  Natasha (thrice) (D:3)
  5 worker ants
  3 adders
  An ooze (D:3)
  4 worms
  A dart slug (D:1)
  2 leopard geckos
  10 orcs
  5 bats
  A giant cockroach (D:3)
  7 goblins
  8 hobgoblins
  A quokka (D:3)
  3 frilled lizards
  3 kobolds
  A leopard gecko skeleton (D:6)
  A quokka skeleton (D:6)
  7 rats
83 creatures vanquished.

Notes
Turn   | Place    | Note
-------+----------+-------------------------------------------
     0 | D:1      | EnegeticOcto the Merfolk Hunter began the quest for the
                  | Orb.
     0 | D:1      | Reached XP level 1. HP: 16/16 MP: 1/1
   419 | D:1      | Reached XP level 2. HP: 22/22 MP: 2/2
  1769 | D:2      | Noticed an ogre
  1960 | D:3      | Reached XP level 3. HP: 25/28 MP: 3/3
  2092 | D:3      | Gained mutation: You are partially covered in iridescent
                  | scales. (AC +2) [potion of mutation]
  2092 | D:3      | Gained mutation: Your mind is acute. (Int +2) [potion of
                  | mutation]
  2092 | D:3      | Gained mutation: Your spells are a little easier to cast,
                  | but a little less powerful. [potion of mutation]
  2092 | D:3      | Gained mutation: You can translocate small distances at
                  | will. [potion of mutation]
  2443 | D:3      | Reached XP level 4. HP: 27/34 MP: 4/4
  2543 | D:3      | Noticed Natasha
  2556 | D:3      | Killed Natasha
  2556 | D:3      | Reached skill level 3 in Fighting
  2945 | D:3      | Noticed Natasha
  2957 | D:3      | Killed Natasha
  3147 | D:3      | Noticed Natasha
  3164 | D:3      | Killed Natasha
  3164 | D:3      | Reached XP level 5. HP: 20/41 MP: 5/5
  4197 | D:4      | Reached skill level 4 in Fighting
  4197 | D:4      | Reached XP level 6. HP: 48/48 MP: 6/6
  4552 | D:4      | Found Cuobiuc's Book Boutique.
  4573 | D:4      | Reached skill level 5 in Bows
  4825 | D:4      | Reached skill level 5 in Fighting
  4890 | D:4      | Reached XP level 7. HP: 43/56 MP: 7/7
  5063 | D:4      | Found a sparkling altar of Nemelex Xobeh.
  5421 | D:5      | Entered Level 5 of the Dungeon
  5555 | D:5      | Noticed Menkaure
  5561 | D:5      | Killed Menkaure
  5582 | D:5      | Reached skill level 6 in Fighting
  6148 | D:5      | Reached XP level 8. HP: 65/65 MP: 8/8
  6180 | D:5      | You fall into a shaft and drop 2 floors!
  6262 | D:6      | Found an iron altar of Okawaru.
  6292 | D:6      | Noticed Sigmund
  6396 | D:6      | Killed Sigmund
  6396 | D:6      | Reached skill level 7 in Fighting
  6423 | D:6      | HP: 1/67 [orc priest/+0 mace (8)]
  6425 | D:6      | Killed from afar by an orc priest

Illustrated notes

Levels and vault maps discovered:
D:1:      ncdulo_halloftheorcs, layout_basic
D:2:      layout_loops_cross
D:3:      layout_basic, uniq_natasha
D:4:      layout_basic, first_ration, serial_shops, shop,
          minmay_misc_feat_hallway, nemelex_xobeh_ov_fountains_minmay
D:5:      layout_cave_pools, doesnt_xom_only_xom, uniq_menkaure
D:6:      layout_loops_cross, marbit_many_paths, temple_pool_b, uniq_sigmund,
          uniq_blork_the_orc
D:7:      layout_loops_ring, serial_shops, shop, wad_mini_maze,
          uniq_crazy_yiuf_cottage, uniq_prince_ribbit1

Skill      XL: |  1  2  3  4  5  6  7  8 |
---------------+-------------------------+-----
Stealth        | 2 3 |  3.0
Fighting       | 3 4 5 6 7 |  7.4
Bows           | 4 5 6 |  6.6
Dodging        | |  2.6

Action                   |  1- 3 |  4- 6 |  7- 9 || total
-------------------------+-------+-------+-------++-------
Melee: Short sword       |    61 |    23 |       ||    84
 Fire: Shortbow          |    58 |   177 |   131 ||   366
Throw: Dart              |     8 |    26 |       ||    34
Evoke: Wand              |       |       |    14 ||    14
  Use: Scroll            |     7 |     1 |     4 ||    12
       Potion            |     1 |     2 |       ||     3
 Stab: Sleeping          |     5 |       |       ||     5
  Eat: Chunk             |     5 |     4 |     1 ||    10
       Ration            |       |     1 |     1 ||     2
Armor: Leather armour    |    15 |       |       ||    15
       Ring mail         |    12 |    60 |    16 ||    88
Dodge: Dodged            |    45 |   104 |    30 ||   179

Table legend:
 A = Non-vault XP
 B = Vault XP
 C = Vault XP percentage of total XP
 D = Non-vault monster count
 E = Vault monster count
 F = Vault count percentage of total count
                 A         B        C        D         E       F
            +---------+---------+-------+---------+---------+-------
      Total |    1268 |     423 |  25.0 |      80 |       3 |   3.6
            +---------+---------+-------+---------+---------+-------
        D:1 |      22 |       0 |   0.0 |      12 |       0 |   0.0
        D:2 |       6 |       0 |   0.0 |       4 |       0 |   0.0
        D:3 |     189 |      35 |  15.6 |      33 |       1 |   2.9
        D:4 |     383 |       0 |   0.0 |      13 |       0 |   0.0
        D:5 |     445 |     183 |  29.1 |       9 |       1 |  10.0
        D:6 |     220 |     205 |  48.2 |       8 |       1 |  11.1
        D:7 |       3 |       0 |   0.0 |       1 |       0 |   0.0
            +---------+---------+-------+---------+---------+-------
